 Dungeon Crawl Stone Soup version 0.15-a0-1866-g491fd59 (webtiles) character file.

16 PolkaDot the Caller (level 2, -2/19 HPs)
             Began as a Vampire Summoner on July 4, 2014.
             Slain by a kobold
             ... wielding a +0 short sword
              (6 damage)
             ... on Level 1 of the Dungeon.
             The game lasted 00:02:12 (793 turns).

PolkaDot the Caller (Vampire Summoner)               Turns: 793, Time: 00:02:12

HP  -2/19        AC  2     Str  7      XL: 2   Next: 41%
MP   3/5         EV 12     Int 17      God:
Gold 42          SH  0     Dex 14      Spells:  2 memorised,  2 levels left

rFire  . . .     SeeInvis +     f - +0 dagger
rCold  . . .     Clarity  .     a - +0 robe
rNeg   . . .     rCorr    .     (no shield)
rPois  .         rRot     .     (no helmet)
rElec  .         Spirit   .     (no cloak)
SustAb .         Warding  .     (no gloves)
rMut   .         Stasis   .     (no boots)
Gourm  .                        (no amulet)
MR     .....                    (no ring)
                                (no ring)

@: regenerating quickly, not resistant to hostile enchantments, unstealthy
A: fangs 3, see invisible, unbreathing
a: no special abilities


You were on level 1 of the Dungeon.
You were very full.

You visited 1 branch of the dungeon, and saw 1 of its levels.

You collected 42 gold pieces.

Inventory:

Hand weapons
 f - a +0 dagger (weapon)
Armour
 a - a +0 robe (worn)
Scrolls
 c - 2 scrolls of remove curse {unknown}
 d - a scroll of teleportation {unknown}
 e - 4 scrolls of identify {unknown}
 g - 2 scrolls of enchant weapon {unknown}
 h - a scroll of random uselessness {unknown}
Potions
 i - a potion of brilliance {unknown}
 j - a potion of lignification {unknown}
Books
 b - a book of Callings

   Spells                             Type                      Level
   *Summon Small Mammal               Summoning                    1
   *Call Imp                          Summoning                    2
   Call Canine Familiar               Summoning                    3
   Summon Guardian Golem              Hexes/Summoning              4
   Summon Lightning Spire             Summoning/Air                4
   Summon Ice Beast                   Ice/Summoning                4


   Skills:
 - Level 2.1 Dodging
 - Level 3.0 Stealth
 + Level 2.3 Spellcasting
 * Level 4.4 Summonings


You had 2 spell levels left.
You knew the following spells:

 Your Spells              Type           Power        Failure   Level  Hunger
a - Summon Small Mammal   Summ           ###.         2%          1    #......
b - Call Imp              Summ           ###.....     4%          2    ##.....


Dungeon Overview and Level Annotations

Branches:
Dungeon (1/15)

Altars:


Innate Abilities, Weirdness & Mutations

Your natural rate of healing is unusually fast.
You have razor-sharp teeth.
You have supernaturally acute eyesight.
You can survive without breathing.


Message History

The kobold throws a stone.
The stone hits you.
You see here a stone.
The kobold throws a stone.
The stone misses you.
The stone hits your quokka but does no damage.
Your quokka disappears in a puff of smoke!
You see here a club.
You hit the kobold but do no damage. You bite the kobold, but do no damage.
The kobold misses you.
You closely miss the kobold. The kobold hits you but does no damage.
You hit the kobold.
The kobold is moderately wounded.
The kobold hits you with a short sword.
You closely miss the kobold.
The kobold is moderately wounded.
The kobold hits you with a short sword.
* * * LOW HITPOINT WARNING * * *
You barely miss the kobold.
The kobold is moderately wounded.
The kobold hits you with a short sword.
You die...

.................................
..###.............#.#..#.##.###..
.......#.#..#....................
.............###..#.#..#..##.#...
##...............................
.................................
###.....#........................
........#...####..#.##.#..####.#.
........#.((.((.@K...............
.....................#....##.#...
........#..#.###..##.#...........
........#..#.# #..##......##.#.#.
...........#.###..)........ .#.#.
........#.##......'########+ #.#.
..................#........#. #
.....##.#. ####...#.'####+.#.#.##
.##..##.#. #...#.#....#.#(#...


You could see a kobold.

Vanquished Creatures
  3 kobolds (D:1)
  A bat (D:1)
  A giant newt (D:1)
  3 goblins (D:1)
  2 rats (D:1)
10 creatures vanquished.

Vanquished Creatures (collateral kills)
  A gnoll (D:1)
  A giant gecko (D:1)
  A goblin (D:1)
3 creatures vanquished.

Grand Total: 13 creatures vanquished

Notes
Turn   | Place    | Note
--------------------------------------------------------------
     0 | D:1      | PolkaDot, the Vampire Summoner, began the quest for the Orb.
     0 | D:1      | Reached XP level 1. HP: 13/13 MP: 3/3
   485 | D:1      | Reached XP level 2. HP: 5/19 MP: 0/4
   748 | D:1      | Learned a level 2 spell: Call Imp
   793 | D:1      | Slain by a kobold

Action                   || total
-------------------------++-------
Melee: Unarmed           ||    21
       Dagger            ||    32
 Cast: Summon Small Mamm ||    10
  Use: Potion            ||     1
 Stab: Sleeping          ||     1
